Map: Automaton LE

Players

SortOf - Winner!

  • Race: Zerg Zerg
  • Spawn Location: 9:00

Has

  • Race: Protoss Protoss
  • League: Diamond
  • Spawn Location: 3:00

Event: 2019 WCS Spring

VOD

Have the link to the VOD?

Description

Time

  • Played on: May 17, 2019, 2:34 p.m.
  • Length: 12:05

All games in this series

Show
View Real Time Build Order
Export as new Build Order

SortOf Zerg - Winner!

Build Orders: Hatch First 

Get SALT Encoding   

  12  0:00  Drone  
  13  0:12  Overlord  
  13  0:18  Drone  
  14  0:30  Drone  
  14  0:31  Drone  
  16  0:49  Hatchery  
  15  0:52  Drone  
  15  0:56  Drone  
  17  0:59  Drone  
  18  1:10  Extractor  
  17  1:15  Spawning Pool  
  17  1:18  Drone  
  17  1:22  Drone  
  18  1:28  Drone  
  19  1:41  Drone  
  20  1:49  Overlord  
  20  2:02  Queen x2  
  20  2:03  Zergling x2  
  20  2:04  Zergling x2  
  26  2:10  Drone  
  26  2:12  Drone  
  28  2:23  Drone  
  28  2:25  Drone  
  30  2:33  Hatchery  
  29  2:40  Drone  
  29  2:43  Drone  
  31  2:49  Overlord  
  31  2:52  Drone  
  31  2:57  Drone x2  
  34  3:00  Queen  
  36  3:07  Overlord  
  36  3:10  Drone  
  36  3:13  Drone x2  
  36  3:14  Drone  
  36  3:18  Lair  
  39  3:22  Drone x2  
  41  3:29  Roach Warren, Drone  
  41  3:31  Drone  
  42  3:39  Drone x2  
  44  3:44  Drone x3  
  44  3:47  Metabolic Boost  
  47  3:50  Drone x3  
  47  3:53  Extractor  
  47  3:54  Extractor  
  47  3:55  Drone  
  49  3:59  Queen  
  51  4:05  Drone  
  51  4:06  Drone x2  
  51  4:07  Overlord  
  54  4:10  Roach  
  54  4:12  Roach  
  54  4:16  Overseer  
  58  4:21  Overlord  
  58  4:22  Overlord  
  58  4:27  Roach x2  
  58  4:29  Zergling x6  
  58  4:31  Zergling x2  
  65  4:56  Hatchery  
  65  4:58  Roach, Zergling x2  
  65  4:59  Roach  
  69  5:01  Roach  
  71  5:07  Roach  
  71  5:08  Roach  
  71  5:12  Overlord  
  75  5:15  Overlord  
  75  5:22  Overlord, Extractor  
  75  5:23  Overlord  
  74  5:34  Roach x3  
  82  5:35  Roach  
  82  5:36  Roach x2  
  85  5:48  Drone x3  
  87  5:50  Roach  
  87  5:52  Roach  
  89  6:02  Roach x3  
  95  6:06  Hatchery  
  95  6:07  Roach x4  
  95  6:08  Drone  
  101  6:11  Drone  
  101  6:14  Glial Reconstitution  
  101  6:20  Overlord  
  101  6:23  Roach  
  103  6:25  Extractor  
  102  6:33  Overlord  
  102  6:38  Overlord  
  101  6:43  Roach x3  
  107  6:48  Overlord  
  107  6:53  Roach x4  
  115  7:01  Drone  
  115  7:02  Drone  
  115  7:06  Overlord  
  115  7:07  Ravager x2  
  115  7:08  Ravager x2  
  121  7:12  Roach, Zergling x4  
  121  7:13  Roach  
  127  7:20  Roach x3, Zergling x2  
  134  7:29  Roach x3  
  140  7:31  Overlord  
  140  7:35  Overlord  
  140  7:40  Overlord  
  140  7:41  Roach x2  
  140  7:42  Ravager  
  145  7:46  Overlord  
  145  7:48  Overlord  
  145  7:50  Roach  
  147  7:59  Zergling x10  
  147  8:00  Ravager x2  
  154  8:10  Roach  
  141  8:13  Roach x5  
  141  8:17  Roach x2  
  139  8:22  Roach  
  139  8:23  Ravager  
  141  8:29  Overlord  
  141  8:35  Roach  
  141  8:36  Roach x4  
  141  8:38  Overseer  
  144  8:42  Zergling x6  
  144  8:45  Zergling x2  
  137  8:51  Roach x3  
  137  8:57  Roach x2  
  141  9:08  Roach x3  
  145  9:11  Ravager  
  145  9:15  Zergling x4  
  139  9:26  Roach x3  
  135  9:31  Drone  
  135  9:32  Drone x3  
  135  9:33  Spire  
  135  9:38  Queen  
  129  9:47  Drone  
  129  9:52  Zergling x10  
  132  10:00  Drone x3  
  132  10:02  Queen x2  
  139  10:08  Zergling x8  
  133  10:34  Drone x4  
  128  10:38  Overlord  
  128  10:51  Mutalisk x6  
  140  10:59  Mutalisk x2  
  144  11:06  Hatchery  
  139  11:14  Drone x5  
  139  11:15  Drone  
  139  11:17  Pneumatized Carapace  
  140  11:19  Drone x6  
  140  11:25  Drone x3  
  147  11:27  Ravager x3  
  151  11:36  Roach x3  
  157  11:47  Ravager x4  
Show
View Real Time Build Order
Export as new Build Order

Has Protoss 

Build Orders: 1 Gate Expand, Archon Immortal, Archon Drop, Dark Templar Rush 

Get SALT Encoding   

  12  0:00  Probe  
  13  0:12  Probe  
  14  0:18  Pylon  
  14  0:23  Probe  
  15  0:30  Assimilator  
  15  0:32  Probe  
  15  0:40  Probe  
  16  0:49  Gateway  
  17  0:52  Probe  
  18  1:01  Probe  
  18  1:09  Probe  
  20  1:26  Nexus  
  20  1:36  Cybernetics Core  
  20  1:39  Probe  
  21  1:43  Assimilator  
  21  1:51  Probe  
  21  1:53  Pylon  
  22  2:03  Stalker, Probe  
  23  2:12  Warp Gate  
  26  2:19  Twilight Council  
  26  2:21  Probe  
  26  2:33  Probe  
  26  2:36  Robotics Facility  
  26  2:39  Probe  
  27  2:45  Zealot  
  27  2:48  Probe  
  30  2:52  Probe  
  31  3:00  Probe  
  31  3:03  Dark Shrine  
  32  3:06  Probe  
  33  3:15  Gateway  
  33  3:21  Warp Prism  
  33  3:25  Probe, Gateway  
  36  3:35  Probe  
  38  3:44  Pylon  
  38  3:47  Assimilator, Probe  
  38  3:48  Probe  
  39  3:50  Observer  
  39  3:58  Assimilator  
  39  3:59  Probe  
  39  4:00  Probe  
  42  4:08  Forge  
  42  4:11  Probe  
  42  4:12  Probe  
  44  4:23  Probe  
  45  4:25  Dark Templar x3  
  45  4:27  Probe  
  52  4:35  Probe  
  53  4:39  Probe  
  53  4:40  Pylon  
  54  4:56  Protoss Ground Weapons Level 1  
  54  4:58  Immortal, Probe x2  
  54  4:59  Pylon  
  60  5:10  Pylon  
  60  5:12  Dark Templar  
  62  5:15  Pylon  
  62  5:16  Archon x2  
  62  5:18  Adept  
  62  5:19  Adept  
  68  5:30  Charge, Pylon  
  68  5:34  Probe x2  
  68  5:48  Dark Templar  
  68  5:49  Dark Templar x2  
  74  5:50  Probe x2  
  71  5:57  Immortal  
  71  6:02  Probe x2  
  62  6:10  Probe x2  
  63  6:24  Gateway x2  
  63  6:28  Sentry x2  
  63  6:32  Immortal  
  68  6:33  Sentry  
  74  6:50  Gateway  
  73  6:58  Probe x2  
  75  7:09  Dark Templar x3  
  81  7:16  Probe, Pylon  
  82  7:23  Archon x2  
  82  7:35  Sentry x2  
  86  7:42  Zealot x3  
  92  7:45  Zealot  
  94  7:56  Zealot x2  
  94  8:06  Dark Templar  
  88  8:16  Sentry x3  
  88  8:17  Sentry  
  88  8:19  Probe x2  
  89  8:30  Zealot  
  89  8:31  Probe x2  
  89  8:32  Pylon  
  89  8:33  Pylon  
  87  8:42  Zealot  
  87  8:43  Zealot x4  
  78  9:00  Dark Templar  
  78  9:02  Probe x2  
  79  9:05  Immortal  
  77  9:14  Probe x2  
  73  9:30  Probe  
  60  9:33  Probe  
  60  9:35  Sentry x3  
  67  9:42  Immortal  
  67  9:48  Probe  
  66  9:56  Sentry x2  
  71  10:10  Sentry x2  
  71  10:13  Shield Battery  
  74  10:14  Shield Battery  
  74  10:16  Shield Battery  
  74  10:17  Pylon  
  74  10:23  Zealot x3  
  74  10:25  Immortal  
  70  10:43  Dark Templar  
  70  10:48  Dark Templar  
  74  10:52  Archon  
  72  11:28  Dark Templar x4  
  72  11:31  Gateway  
  80  11:33  Archon x2  
  80  11:34  Gateway  
  65  11:57  Zealot x4  
Tags
 
Add a new tag
Caveats
  • Supply blocks, unpowered buildings, or Contaminate may cause inaccurate times.
  • Supply counts are checked every 10 seconds.